BSA
BOSTON REBELS @ BEECH MOUNTAIN MOUNTAINEERS
08/29/2028
 
TOP OF THE 1ST
Boston Rebels batting - Pitching for Beech Mountain Mountaineers : LHP Simon Martel
Pitching: LHP Simon Martel
Batting: RHB Roberto Chávez 0-0: Ball
1-0: Swinging Strike
1-1: Foul Ball, location: 2F
1-2: Strikes out swinging
Batting: LHB Bill Wilson 0-0: Foul Ball, location: 2F
0-1: Fly out, F6 (Line Drive, 6)
Batting: RHB John Mendelson 0-0: Ball
1-0: Ball
2-0: Swinging Strike
2-1: Swinging Strike
2-2: Strikes out looking
Top of the 1st over - 0 run(s), 0 hit(s), 0 error(s), 0 left on base; Boston 0 - Beech Mountain 0
BOTTOM OF THE 1ST
Beech Mountain Mountaineers batting - Pitching for Boston Rebels : RHP Rusty van Rhee
Pitching: RHP Rusty van Rhee
Batting: SHB Félix Montoya 0-0: Called Strike
0-1: Foul Ball, location: 2F
0-2: Ball
1-2: Ball
2-2: Foul Ball, location: 2F
2-2: Ball
3-2: Base on Balls
Batting: SHB Miguel González 0-0: Ball
1-0: Ball
2-0: Called Strike
2-1: Called Strike
2-2: Ball
3-2: Fly out, F6 (Popup, 5D)
Batting: LHB Robert Phillips 0-0: Called Strike
Félix Montoya steals 2nd base
0-1: Called Strike
Félix Montoya steals 3rd base
0-2: Foul Ball, location: 2F
0-2: Fly out, F8 (Line Drive, 8RM)
Runner from 3rd tags up, SCORES, no throw
Batting: SHB Juan Castro 0-0: Called Strike
0-1: SINGLE (Groundball, 4MD)
Batting: SHB Rick Turner 0-0: Ball
1-0: Called Strike
1-1: Ball
2-1: Foul Ball, location: 2F
2-2: Strikes out swinging
Bottom of the 1st over - 1 run(s), 1 hit(s), 0 error(s), 1 left on base; Boston 0 - Beech Mountain 1
TOP OF THE 2ND
Boston Rebels batting - Pitching for Beech Mountain Mountaineers : LHP Simon Martel
Batting: LHB Lorenzo Flores 0-0: Called Strike
0-1: Swinging Strike
0-2: Ball
1-2: Strikes out swinging
Batting: LHB Miguel Rivería 0-0: Swinging Strike
0-1: Ball
1-1: Ground out 3-1 (Groundball, 34S)
Batting: LHB Felipe Guerrero 0-0: Ball
1-0: Ball
2-0: Fly out, F4 (Line Drive, 4)
Top of the 2nd over - 0 run(s), 0 hit(s), 0 error(s), 0 left on base; Boston 0 - Beech Mountain 1
BOTTOM OF THE 2ND
Beech Mountain Mountaineers batting - Pitching for Boston Rebels : RHP Rusty van Rhee
Batting: SHB Tony López 0-0: Swinging Strike
0-1: Fly out, F7 (Flyball, 7S)
Batting: RHB John Anderson 0-0: Called Strike
0-1: Ball
1-1: Foul Ball, location: 2F
1-2: Ground out 1-3 (Groundball, P)
Batting: LHB Pedro Gonzáles 0-0: Ball
1-0: DOUBLE (Line Drive, 89D)
Batting: LHB Jeff Doss 0-0: Ball
1-0: Ball
2-0: TRIPLE (Flyball, 8LXD)
Pedro Gonzáles scores
Batting: SHB Félix Montoya 0-0: Ball
1-0: Fly out, F9 (Flyball, 9S)
Bottom of the 2nd over - 1 run(s), 2 hit(s), 0 error(s), 1 left on base; Boston 0 - Beech Mountain 2
TOP OF THE 3RD
Boston Rebels batting - Pitching for Beech Mountain Mountaineers : LHP Simon Martel
Batting: LHB Arturo Molina 0-0: Ground out 6-3 (Groundball, 6)
Batting: RHB Alberto Ramos 0-0: Ball
1-0: Called Strike
1-1: Ball
2-1: Ball
3-1: Called Strike
3-2: SINGLE (Groundball, 6MD)
Batting: RHB Ángel Garza 0-0: Swinging Strike
0-1: Called Strike
0-2: Strikes out looking
Batting: RHB Roberto Chávez 0-0: TRIPLE (Flyball, 89D)
Alberto Ramos scores
Batting: LHB Bill Wilson 0-0: Foul Ball, location: 2F
0-1: Foul Ball, location: 2F
0-2: Ball
1-2: Ball
2-2: Foul Ball, location: 2F
2-2: 2-RUN HOME RUN (Flyball, 8LXD), Distance : 405 ft
Batting: RHB John Mendelson 0-0: Ground out 5-3 (Groundball, 56S)
Top of the 3rd over - 3 run(s), 3 hit(s), 0 error(s), 0 left on base; Boston 3 - Beech Mountain 2
BOTTOM OF THE 3RD
Beech Mountain Mountaineers batting - Pitching for Boston Rebels : RHP Rusty van Rhee
Batting: SHB Miguel González 0-0: Ball
1-0: Fly out, F8 (Flyball, 8RM)
Batting: LHB Robert Phillips 0-0: Ball
1-0: Called Strike
1-1: Ball
2-1: Ball
3-1: Ground out 4-3 (Groundball, 4)
Batting: SHB Juan Castro 0-0: Ball
1-0: DOUBLE (Line Drive, 78S)
Batting: SHB Rick Turner 0-0: Ball
1-0: Swinging Strike
1-1: Swinging Strike
1-2: Hit by Pitch
Batting: SHB Tony López 0-0: Foul Ball, location: 2F
0-1: Ball
1-1: Swinging Strike
1-2: Ball
2-2: DOUBLE (Groundball, 3L)
Juan Castro scores
Rick Turner to third
Runner from 3rd tries for Home, SAFE, throw made at trailing runner, SAFE at third!
Batting: RHB John Anderson 0-0: Ball
1-0: Called Strike
1-1: 2-RUN HOME RUN (Flyball, 7D), Distance : 364 ft
Batting: LHB Pedro Gonzáles 0-0: Fly out, F7 (Flyball, 7LMF)
Bottom of the 3rd over - 4 run(s), 3 hit(s), 0 error(s), 0 left on base; Boston 3 - Beech Mountain 6
TOP OF THE 4TH
Boston Rebels batting - Pitching for Beech Mountain Mountaineers : LHP Simon Martel
Batting: LHB Lorenzo Flores 0-0: Called Strike
0-1: Ground out 1-3 (Groundball, 13)
Batting: LHB Miguel Rivería 0-0: Swinging Strike
0-1: Swinging Strike
0-2: Ball
1-2: Ball
2-2: Foul Ball, location: 2F
2-2: Foul Ball, location: 2F
2-2: Ball
3-2: Foul Ball, location: 2F
3-2: Base on Balls
Batting: LHB Felipe Guerrero 0-0: Swinging Strike
0-1: Ball
1-1: Called Strike
1-2: Foul Ball, location: 2F
1-2: Ball
2-2: Ball
3-2: SINGLE (Groundball, 15S) (infield hit)
Miguel Rivería to second
Batting: LHB Arturo Molina 0-0: Called Strike
0-1: Ball
1-1: Ball
2-1: Ball
3-1: Fly out, F6 (Line Drive, 6M)
Batting: RHB Alberto Ramos 0-0: Ball
1-0: Called Strike
1-1: Ball
2-1: Called Strike
2-2: Foul Ball, location: 2F
2-2: Strikes out swinging
Top of the 4th over - 0 run(s), 1 hit(s), 0 error(s), 2 left on base; Boston 3 - Beech Mountain 6
BOTTOM OF THE 4TH
Beech Mountain Mountaineers batting - Pitching for Boston Rebels : RHP Rusty van Rhee
Pitching: RHP Alfredo Ruíz
Batting: LHB Jeff Doss 0-0: Ball
1-0: Fly out, F2 (Popup, 5S)
Batting: SHB Félix Montoya 0-0: Fly out, F3 (Popup, 3L)
Batting: SHB Miguel González 0-0: Ball
1-0: Ball
2-0: Ball
3-0: Called Strike
3-1: Base on Balls
Batting: LHB Robert Phillips 0-0: Ball
1-0: Ball
2-0: Fielders Choice at 2nd, 4-6 (Groundball, 4)
Bottom of the 4th over - 0 run(s), 0 hit(s), 0 error(s), 0 left on base; Boston 3 - Beech Mountain 6
TOP OF THE 5TH
Boston Rebels batting - Pitching for Beech Mountain Mountaineers : LHP Simon Martel
Batting: RHB Ángel Garza 0-0: Ball
1-0: Ball
2-0: Ball
3-0: Called Strike
3-1: Fly out, F3 (Popup, 34)
Batting: RHB Roberto Chávez 0-0: Foul Ball, location: 2F
0-1: Ball
1-1: Foul Ball, location: 2F
1-2: Strikes out swinging
Batting: LHB Bill Wilson 0-0: Foul Ball, location: 2F
0-1: Swinging Strike
0-2: Foul Ball, location: 2F
0-2: Ground out 3-1 (Groundball, 34)
Top of the 5th over - 0 run(s), 0 hit(s), 0 error(s), 0 left on base; Boston 3 - Beech Mountain 6
BOTTOM OF THE 5TH
Beech Mountain Mountaineers batting - Pitching for Boston Rebels : RHP Alfredo Ruíz
Batting: SHB Juan Castro 0-0: Foul Ball, location: 2F
0-1: Ground out 6-3 (Groundball, 6)
Batting: SHB Rick Turner 0-0: Ball
1-0: Foul Ball, location: 2F
1-1: Ball
2-1: SINGLE (Line Drive, 7S)
Batting: SHB Tony López 0-0: Called Strike
0-1: Ball
1-1: Called Strike
1-2: SINGLE (Groundball, 56D)
Rick Turner to second
Batting: RHB John Anderson 0-0: Ball
1-0: Ball
2-0: Grounds into double play, 4-6-3 (Groundball, 4)
Bottom of the 5th over - 0 run(s), 2 hit(s), 0 error(s), 1 left on base; Boston 3 - Beech Mountain 6
TOP OF THE 6TH
Boston Rebels batting - Pitching for Beech Mountain Mountaineers : LHP Simon Martel
Batting: RHB John Mendelson 0-0: Swinging Strike
0-1: Ball
1-1: Fly out, F8 (Flyball, 8RXD)
Batting: LHB Lorenzo Flores 0-0: Ball
1-0: Ground out U3 (Groundball, 34S)
Batting: LHB Miguel Rivería 0-0: Ball
1-0: Called Strike
1-1: Ground out 4-3 (Groundball, 4)
Top of the 6th over - 0 run(s), 0 hit(s), 0 error(s), 0 left on base; Boston 3 - Beech Mountain 6
BOTTOM OF THE 6TH
Beech Mountain Mountaineers batting - Pitching for Boston Rebels : RHP Alfredo Ruíz
Batting: LHB Pedro Gonzáles 0-0: Called Strike
0-1: SINGLE (Line Drive, 89M)
Batting: LHB Jeff Doss 0-0: Ball
1-0: SINGLE (Line Drive, 7S)
Pedro Gonzáles to second
Batting: SHB Félix Montoya 0-0: Ball
1-0: Ball
2-0: SINGLE (Flyball, 9S)
Pedro Gonzáles to third
Jeff Doss to second
Batting: SHB Miguel González 0-0: Foul Ball, location: 2F
0-1: Ball
1-1: Ball
2-1: Called Strike
2-2: Grounds into double play, 6-2-3 (Groundball, 6)
Jeff Doss to third
Félix Montoya to second
Batting: LHB Robert Phillips 0-0: Foul Ball, location: 2F
0-1: SINGLE (Line Drive, 8LS)
Jeff Doss scores
Félix Montoya to third
Runner from 3rd tries for Home, SAFE, no throw
Pitching: RHP Fernando Silva
Batting: SHB Juan Castro 0-0: Fielders Choice at 2nd, 4-6 (Groundball, 4)
Bottom of the 6th over - 2 run(s), 4 hit(s), 0 error(s), 0 left on base; Boston 3 - Beech Mountain 8
TOP OF THE 7TH
Boston Rebels batting - Pitching for Beech Mountain Mountaineers : LHP Simon Martel
Pitching: RHP Rodrigo Aguilar
Batting: LHB Felipe Guerrero 0-0: Ball
1-0: Ground out 6-3 (Groundball, 6)
Batting: LHB Arturo Molina 0-0: Ball
1-0: Ball
2-0: Foul Ball, location: 2F
2-1: Foul Ball, location: 2F
2-2: Ground out 5-3 (Groundball, 56)
Batting: RHB Alberto Ramos 0-0: Ball
1-0: Foul Ball, location: 2F
1-1: SINGLE (Groundball, 56D)
Batting: RHB Ángel Garza 0-0: Called Strike
0-1: Called Strike
0-2: Fly out, F8 (Flyball, 89D)
Top of the 7th over - 0 run(s), 1 hit(s), 0 error(s), 1 left on base; Boston 3 - Beech Mountain 8
BOTTOM OF THE 7TH
Beech Mountain Mountaineers batting - Pitching for Boston Rebels : RHP Fernando Silva
Batting: SHB Rick Turner 0-0: Ball
1-0: Ground out 4-3 (Groundball, 4S)
Batting: SHB Tony López 0-0: Called Strike
0-1: Ball
1-1: Called Strike
1-2: Ball
2-2: Ball
3-2: Fly out, F3 (Popup, 3S)
Batting: RHB John Anderson 0-0: Ball
1-0: Foul Ball, location: 2F
1-1: Ball
2-1: Fly out, F9 (Line Drive, 9)
Bottom of the 7th over - 0 run(s), 0 hit(s), 0 error(s), 0 left on base; Boston 3 - Beech Mountain 8
TOP OF THE 8TH
Boston Rebels batting - Pitching for Beech Mountain Mountaineers : RHP Rodrigo Aguilar
Batting: RHB Roberto Chávez 0-0: Ground out 6-3 (Groundball, 6)
Batting: LHB Bill Wilson 0-0: Ball
1-0: Foul Ball, location: 2F
1-1: Ball
2-1: Ball
3-1: Foul Ball, location: 2F
3-2: Ground out 5-3 (Groundball, 56S)
Batting: RHB John Mendelson 0-0: Ball
1-0: Ball
2-0: Foul Ball, location: 2F
2-1: Ball
3-1: Swinging Strike
3-2: Base on Balls
Batting: LHB Lorenzo Flores 0-0: Ball
1-0: Ball
2-0: Ball
3-0: Base on Balls
John Mendelson to second
Batting: LHB Miguel Rivería 0-0: Fly out, F8 (Flyball, 8LD)
Top of the 8th over - 0 run(s), 0 hit(s), 0 error(s), 2 left on base; Boston 3 - Beech Mountain 8
BOTTOM OF THE 8TH
Beech Mountain Mountaineers batting - Pitching for Boston Rebels : RHP Fernando Silva
Batting: LHB Pedro Gonzáles 0-0: Ball
1-0: Fly out, F7 (Line Drive, 7D)
Batting: LHB Jeff Doss 0-0: Ball
1-0: Foul Ball, location: 2F
1-1: Ball
2-1: Foul Ball, location: 2F
2-2: DOUBLE (Line Drive, 8RXD)
Batting: SHB Félix Montoya 0-0: Foul Ball, location: 2F
0-1: Ball
1-1: Ball
2-1: Foul Ball, location: 2F
2-2: Ball
3-2: SINGLE (Groundball, 5) (infield hit)
Jeff Doss to third
Batting: SHB Miguel González 0-0: Ball
1-0: Ball
2-0: Ball
3-0: Called Strike
3-1: Base on Balls
Félix Montoya to second
Batting: LHB Robert Phillips 0-0: Ball
1-0: Foul Ball, location: 2F
1-1: Ball
2-1: Ball
3-1: Foul Ball, location: 2F
3-2: Base on Balls
Jeff Doss scores
Félix Montoya to third
Miguel González to second
Batting: SHB Juan Castro 0-0: GRAND SLAM HOME RUN (Flyball, 9D), Distance : 349 ft
Pitching: RHP Ki-tong Shiu
Batting: SHB Rick Turner 0-0: Swinging Strike
0-1: Ground out 4-3 (Groundball, 4)
Batting: SHB Tony López 0-0: Called Strike
0-1: Swinging Strike
0-2: Ball
1-2: Ball
2-2: Foul Ball, location: 2F
2-2: Foul Ball, location: 2F
2-2: Foul Ball, location: 2F
2-2: Strikes out looking
Bottom of the 8th over - 5 run(s), 3 hit(s), 0 error(s), 0 left on base; Boston 3 - Beech Mountain 13
TOP OF THE 9TH
Boston Rebels batting - Pitching for Beech Mountain Mountaineers : RHP Rodrigo Aguilar
Batting: LHB Felipe Guerrero 0-0: Ball
1-0: Swinging Strike
1-1: SINGLE (Groundball, 56D)
Batting: LHB Arturo Molina 0-0: Ball
1-0: Foul Ball, location: 2F
1-1: Ball
2-1: Ball
3-1: Fly out, F8 (Flyball, 8LM)
Batting: RHB Alberto Ramos 0-0: Ball
1-0: Swinging Strike
1-1: Foul Ball, location: 2F
1-2: Foul Ball, location: 2F
1-2: Strikes out swinging
Batting: RHB Ángel Garza 0-0: Ball
1-0: Fielders Choice at 2nd, 5-4 (Groundball, 56)
Top of the 9th over - 0 run(s), 1 hit(s), 0 error(s), 0 left on base; Boston 3 - Beech Mountain 13
Tuesday, August 8th, 2017 - OOTP Baseball 17.12 Build 75